Description

You want free points in Starcraft 2 as Protoss ? This build order is done for you ! It's a simple all-in easy to do and which is amazing in attack and in defense: More powerful than a 4 Gates and able to counter DT build order. In this Build Order, i present you the 3G warp prism all-in. It has been done by Mana vs Ptitdrogo recently (Challenger WCS Austin 2018) and he is really effective.

VOD

https://youtu.be/tHV5FS8y1Q8

Replay - Franco v zuka - Catalyseur EC

Build Order

Get SALT Encoding   

  12  0:00  Probe  
  13  0:12  Probe  
  14  0:17  Pylon  
  14  0:21  Probe  
  15  0:31  Probe  
  16  0:38  Gateway  
  16  0:41  Probe  
  16  0:48  Assimilator  
  17  0:52  Probe  
  18  0:57  Assimilator  
  18  1:00  Probe  
  18  1:09  Probe  
  19  1:12  Gateway  
  20  1:20  Probe  
  21  1:28  Cybernetics Core  
  21  1:34  Probe  
  22  1:41  Pylon  
  23  1:55  Warp Gate  
  23  2:04  Stalker x2  
  27  2:29  Pylon  
  27  2:34  Stalker x2  
  31  2:42  Robotics Facility  
  31  3:04  Stalker x2  
  35  3:10  Gateway  
  35  3:20  Warp Prism  
  35  3:26  Shield Battery  
  37  3:37  Pylon  
  37  3:58  Stalker x2  
  41  4:04  Observer  
  41  4:08  Pylon  
  42  4:30  Stalker x2  
Spawning Tool Build Advisor. Get it on Overwolf

Go to:

Details

  • Created by: zuka      
  • Published on: Jul 28, 2018
  • Modified on: Jul 28, 2018
  • Patch: 4.0.0
Show
View Real Time Build Order
Export as new Build Order

Comments (0)

There are no comments. Be the first!

Create an account to comment!